 Dungeon Crawl Stone Soup version 0.27.1-34-g3ba077fa99 (webtiles) character file.

Game seed: 13140139619405009820

6 Karpo the Sneak (level 1, -2/9 HPs)
             Began as a Spriggan Enchanter on Jan 22, 2022.
             Shot with a stone by a goblin (5 damage)
             ... on level 4 of the Dungeon.
             The game lasted 00:01:44 (541 turns).

Karpo the Sneak (Spriggan Enchanter)                 Turns: 541, Time: 00:01:46

Health: -2/9       AC:  2    Str:  4    XL:     1   Next: 75%
Magic:  14/14      EV: 17    Int: 22    God:
Gold:   32         SH:  0    Dex: 15    Spells: 4/5 levels left

rFire    . . .     SeeInvis +   a - +1 dagger
rCold    . . .     Faith    .   (shield restricted)
rNeg     . . .     Spirit   .   b - +0 robe
rPois    .         Reflect  .   (helmet restricted)
rElec    .         Harm     .   (no cloak)
rCorr    .         Rampage  .   (gloves unavailable)
Will     .....                  (boots unavailable)
Stlth    +++.......             (no amulet)
HPRegen  0.03/turn              e - ring of magical power
MPRegen  0.14/turn              g - +6 ring of intelligence

@: very quick
A: very small, no large weapons, unfitting armour, see invisible, speed 3
a: no special abilities


You were on level 4 of the Dungeon.
You visited 1 branch of the dungeon, and saw 4 of its levels.

You collected 32 gold pieces.

Inventory:

Hand Weapons
 a - a +1 dagger (weapon)
Armour
 b - a +0 robe (worn)
Jewellery
 e - a ring of magical power (left hand)
 g - a +6 ring of intelligence (right hand)
Scrolls
 c - a scroll of amnesia {unknown}
 f - a scroll of vulnerability {unknown}
Potions
 d - a potion of heal wounds {unknown}


   Skills:
 + Level 1.6 Short Blades
 - Level 2.6 Dodging
 + Level 4.8 Stealth
 - Level 2.6 Spellcasting
 - Level 3.6 Hexes


You had 4 spell levels left.
You knew the following spells:

 Your Spells              Type           Power      Damage    Failure   Level
a - Corona                Hex            20%        N/A       3%          1

Your spell library contained the following spells:

 Spells                   Type           Power      Damage    Failure   Level
 Confusing Touch          Hex            18%        N/A       9%          3
 Tukima's Dance           Hex            18%        N/A       9%          3
 Ensorcelled Hibernation  Hex/Ice        20%        N/A       10%         2
 Dazzling Flash           Conj/Hex       20%        N/A       19%         3


Dungeon Overview and Level Annotations

Branches:
Dungeon (4/15)
 Temple: D:4-7

Altars:

Annotations:
D:3 Ijyb


Innate Abilities, Weirdness & Mutations

You are very small and have problems with some larger weapons.
You are too small for most types of armour.
You have supernaturally acute eyesight. (SInv)
You cover ground extremely quickly. (Speed+++)


Message History

You feel clever.
g - a +6 ring of intelligence (right hand)
Found 6 atropa-tipped darts.
There is a shaft here.
You see here 6 atropa-tipped darts.
Found 10 gold pieces.
An endoplasm comes into view.
You see here 10 gold pieces.
You now have 32 gold pieces (gained 10).
Found a stone staircase leading down.
There is a stone staircase leading down here.
You climb downwards.
Found a hunting sling.
There is a stone staircase leading up here.
You open the door.
Found a stone staircase leading up.
Found a murky red potion.
There is an open door here.
Found a stone staircase leading down.
A goblin comes into view. It is wielding a +0 club.
Found 22 bolts.
The goblin shouts!
The goblin unwields a +0 club.
The goblin wields a +0 hunting sling.
The goblin shoots a stone.
The stone closely misses you.
There is a stone staircase leading up here.
You climb upwards.
The jackal barks! x2; The orc shouts!
The jackal misses you.
Ijyb the Twisted Goblin comes into view.
She is wielding a +0 club and carrying a wand of acid (5).
The jackal barks!
Ijyb shouts!
Found 14 gold pieces.
There is a stone staircase leading down here.
The jackal barks!
The jackal misses you. x2
The orc shouts!
You climb downwards.
The goblin shoots a stone.
The stone hits you.
Ouch! That really hurt!
The goblin shoots a stone.
The stone hits you.
Ouch! That really hurt!
You die...

##.. ....# #..
...# #..##..#
#..##..#
#...#..# ######
#...#..##.....##
#...#...@.......
#..)#...h..!....
#...'..##.....##
#..##..# ....>#
#..######.....#
#..........(...#
#............g.#
#<.............#
##########


You could see a jackal and a goblin.

Vanquished Creatures
  2 bats
  A goblin (D:3)
  A hobgoblin (D:2)
  A kobold (D:2)
  A rat (D:1)
6 creatures vanquished.

Notes
Turn   | Place    | Note
-------+----------+-------------------------------------------
     0 | D:1      | Karpo the Spriggan Enchanter began the quest for the Orb.
     0 | D:1      | Reached XP level 1. HP: 9/9 MP: 5/5
   539 | D:3      | Noticed Ijyb
   541 | D:4      | Shot with a stone by a goblin

Illustrated notes

Levels and vault maps discovered:
D:1:      lightli_arrival_quake, layout_basic,
          ebering_ecumenical_altar_petrified
D:2:      layout_basic, basic_altar, serial_bayou_lagoon_a,
          serial_park_tiny_pond, mrwooster_statue_mirror
D:3:      layout_basic, uniq_ijyb
D:4:      layout_gridville, serial_shops, nicolae_shop_behind_doors

Action                   || total
-------------------------++-------
Melee: Dagger            ||    24
 Stab: Sleeping          ||     4
Armor: Robe              ||     8
Dodge: Dodged            ||    28
